 Dungeon Crawl Stone Soup version 0.28-a0-1506-g3893175d92 (webtiles) character file.

Game seed: 6083121795806409655

975 comborobin the Skirmisher (level 8, -3/84 HPs)
             Began as an Ogre Delver on Jan 14, 2022.
             Was an Initiate of Cheibriados.
             Splashed by a jelly's acid (6 damage)
             ... on level 6 of the Dungeon.
             The game lasted 00:09:03 (7147 turns).

comborobin the Skirmisher (Ogre Delver)             Turns: 7147, Time: 00:09:03

Health: -3/84      AC: -11   Str: 20    XL:     8   Next: 16%
Magic:  15/15      EV: 10    Int: 18    God:    Cheibriados [......]
Gold:   223        SH:  0    Dex: 21    Spells: 9/17 levels left

rFire   . . .      SeeInvis .   a - +8 whip "Qodaehim" {pain, Dex+4}
rCold   . . .      Faith    .   (no shield)
rNeg    . . .      Spirit   .   x - +1 robe {Will+}
rPois   .          Reflect  .   (helmet restricted)
rElec   .          Harm     .   o - +0 cloak
rCorr   .          Rampage  .   (gloves unavailable)
Will    +....                   (boots unavailable)
Stlth   +++.......              (no amulet)
HPRegen 0.24/turn               e - +6 ring of dexterity
MPRegen 0.14/turn               p - +6 ring of intelligence

@: corroded, very slow
A: large, unfitting armour, tough skin 1
a: Renounce Religion


You were on level 6 of the Dungeon.
You worshipped Cheibriados.
Cheibriados was noncommittal.
You visited 2 branches of the dungeon, and saw 7 of its levels.

You collected 223 gold pieces.

Inventory:

Hand Weapons
 a - the +8 whip "Qodaehim" (weapon) {pain, Dex+4}
   (You found it on level 5 of the Dungeon)

   In the hands of one skilled in necromantic magic, it inflicts extra damage on
   living creatures.
   Dex:       It affects your dexterity (+4).
 j - a +1 vorpal quarterstaff
 n - the +11 dagger "Conservator" {vorpal, Stlth+}
   (You found it on level 5 of the Dungeon)

   It inflicts extra damage upon your enemies.
   Stlth:     It makes you more stealthy.
Armour
 o - a +0 cloak (worn)
 w - a +2 tower shield
 x - a +1 robe of willpower (worn)
 y - a +0 robe
Magical Staves
 b - a staff of poison
Jewellery
 e - a +6 ring of dexterity (left hand)
 p - a +6 ring of intelligence (right hand)
Wands
 f - a wand of digging (1)
Scrolls
 c - a scroll of magic mapping
 g - 4 scrolls of identify
 h - a scroll of enchant armour {unknown}
 i - 2 scrolls of blinking {unknown}
 l - a scroll of fog
 r - a scroll of teleportation {unknown}
 s - a scroll of acquirement {unknown}
Potions
 d - 3 potions of curing {unknown}
 t - 2 potions of cancellation {unknown}
 u - a potion of degeneration {unknown}
 v - a potion of flight {unknown}


   Skills:
 - Level 6.5 Fighting
 - Level 1.7 Dodging
 - Level 3.7 Stealth
 - Level 3.3 Unarmed Combat
 - Level 5.0 Spellcasting
 + Level 2.1 Necromancy
 - Level 4.5 Poison Magic


You had 9 spell levels left.
You knew the following spells:

 Your Spells              Type           Power      Damage    Failure   Level
a - Sting                 Tmut/Pois      48%        1d5       5%          1
b - Poisonous Vapours     Pois/Air       24%        N/A       8%          2
c - Apportation           Tloc           8%         N/A       13%         1
o - Olgreb's Toxic Radia  Pois           20%        N/A       21%         4

Your spell library contained the following spells:

 Spells                   Type           Power      Damage    Failure   Level
 Alistair's Intoxication  Tmut/Pois      8%         N/A       82%         5


Dungeon Overview and Level Annotations

Branches:
Dungeon (6/15)             Temple (1/1) D:5

Altars:
Ashenzari
Cheibriados
Dithmenos
Elyvilon
Fedhas
Gozag
Hepliaklqana
Kikubaaqudgha
Okawaru
Ru
Sif Muna
Trog
Uskayaw
Vehumet
Xom
Yredelemnul
Zin

Shops:
D:4 [   D:6 =

Annotations:
D:3 exclusion: sky beast
D:5 exclusion: 2 doors


Innate Abilities, Weirdness & Mutations

You are too large for most types of armour.
You have tough skin. (AC +1)


Message History

You feel much better. The jelly barely misses you.
You hit the jelly but do no damage.
The jelly writhes in agony.
Your hands burn!
The jelly is almost dead.
The jelly barely misses you. The jelly misses you. The jelly hits you.
You are splashed with acid!
Casting: Olgreb's Toxic Radiance (dangerous; 21% risk of failure)
Confirm with . or Enter, or press ? or * to list all spells.
You begin to radiate toxic energy.
The jelly misses you.
Unknown command.
Unknown command.
Your toxic aura wanes.
The jelly barely misses you.
Casting: Olgreb's Toxic Radiance (dangerous; 21% risk of failure)
Confirm with . or Enter, or press ? or * to list all spells.
Okay, then.
Okay, then.
The jelly barely misses you. The jelly hits you.
You are splashed with acid!
* * * LOW HITPOINT WARNING * * *
The jelly hits you.
* * * LOW HITPOINT WARNING * * *
You are splashed with acid!
* * * LOW HITPOINT WARNING * * *
Okay, then.
Hit: a) +8 whip "Qodaehim" {pain, Dex+4}
Press: ? - help, Dir - move target, f - jelly
Aim: a jelly (severely wounded, about 8% to evade the +8 whip "Qodaehim")
Okay, then.
As you read the scroll labelled SOYRREDWOU, it crumbles to dust.
The creatures around you are filled with an inner flame!
It was a scroll of immolation.
The jelly hits you.
* * * LOW HITPOINT WARNING * * *
You are splashed with acid!
* * * LOW HITPOINT WARNING * * *
It was a potion of magic.
Magic courses through your body. The jelly hits you.
* * * LOW HITPOINT WARNING * * *
You are splashed with acid.
You die...

####### #.....#
#######.##..###
##.......##....#
##..........∩...#
#........J@..####
#........##..#
#....<...##..#
#..........#.#
#............#
##.....(..####
#..........##### #####
#.........##._.###._.##
#.........#.....8.....#


You could see a jelly (inner flame).

Vanquished Creatures
  Sigmund (D:2)
  2 centaurs (D:5)
  A phantom (D:5)
  A kobold brigand (D:5)
  A scorpion (D:6)
  A bullfrog zombie (D:5)
  A centaur zombie (D:5)
  A hound (D:4)
  Crazy Yiuf (D:2)
  A bullfrog skeleton (D:5)
  A centaur skeleton (D:5)
  3 orc wizards (D:6)
  A killer bee zombie (D:5)
  7 adders
  A river rat (D:3)
  A shadow imp (D:5)
  An ufetubus (D:5)
  3 worms
  6 dart slugs
  12 orcs
  7 ball pythons
  6 endoplasms
  7 giant cockroaches
  A goblin (D:1)
  2 hobgoblins
  3 jackals (D:2)
  8 kobolds
  2 quokkas
  6 bats
  3 frilled lizards (D:1)
  4 rats
96 creatures vanquished.

Vanquished Creatures (others)
  2 plants (D:6)
2 creatures vanquished.

Grand Total: 98 creatures vanquished

Notes
Turn   | Place    | Note
-------+----------+-------------------------------------------
     0 | D:5      | comborobin the Ogre Delver began the quest for the Orb.
     0 | D:5      | Reached XP level 1. HP: 24/24 MP: 1/1
     1 | D:6      | Noticed an orc wizard
     1 | D:6      | Noticed an orc wizard
     1 | D:6      | Noticed an orc wizard
     1 | D:6      | Found Zierob's Jewellery Emporium.
   491 | D:5      | Noticed a phantom
   512 | D:5      | Reached XP level 2. HP: 18/32 MP: 2/2
   739 | D:5      | Noticed an ogre
   915 | D:4      | Reached XP level 3. HP: 39/39 MP: 3/3
  1253 | D:2      | Noticed Sigmund
  1297 | D:3      | Learned a level 2 spell: Poisonous Vapours
  1453 | D:3      | Noticed a sky beast
  1476 | D:3      | Reached skill level 1 in Poison Magic
  1619 | D:2      | Reached XP level 4. HP: 11/48 MP: 0/4
  1901 | D:2      | Learned a level 1 spell: Sting
  2330 | D:2      | Reached skill level 1 in Spellcasting
  2412 | D:2      | Found a runed translucent door.
  2413 | D:2      | Noticed Crazy Yiuf
  2556 | D:2      | Killed Crazy Yiuf
  2557 | D:2      | Reached XP level 5. HP: 36/54 MP: 1/7
  2765 | D:2      | Killed Sigmund
  2766 | D:2      | Reached XP level 6. HP: 28/62 MP: 2/11
  3261 | D:1      | Learned a level 1 spell: Apportation
  3286 | D:1      | Learned a level 4 spell: Olgreb's Toxic Radiance
  3404 | D:1      | Found a faded altar of an unknown god.
  3447 | D:1      | You fall into a shaft and drop 1 floor!
  4524 | D:4      | Found Ungy's Armour Emporium.
  5065 | D:5      | Reached XP level 7. HP: 50/71 MP: 13/13
  5104 | D:5      | Reached skill level 5 in Fighting
  5629 | D:5      | Identified the +11 dagger "Conservator" {vorpal, Stlth+}
  5663 | D:5      | Reached skill level 6 in Fighting
  5986 | D:5      | Found a staircase to the Ecumenical Temple.
  6046 | D:5      | Reached skill level 5 in Spellcasting
  6046 | D:5      | Reached XP level 8. HP: 81/84 MP: 15/15
  6217 | Temple   | Entered the Ecumenical Temple
  6374 | Temple   | Became a worshipper of Cheibriados the Contemplative
  6649 | D:5      | Identified the +8 whip "Qodaehim" {pain, Dex+4}
  6755 | D:5      | Found a white marble altar of Elyvilon.
  6764 | D:5      | Found a hazy altar of Hepliaklqana.
  6975 | D:6      | Reached skill level 1 in Necromancy
  7087 | D:6      | Found an opulent altar of Gozag.
  7087 | D:6      | Found a sacrificial altar of Ru.
  7146 | D:6      | HP: 4/84 [acid (9)]
  7147 | D:6      | Splashed by a jelly's acid

Illustrated notes

Levels and vault maps discovered:
D:1:      minmay_arrival_jagged, layout_loops_ring,
          ebering_ecumenical_altar_mist, minmay_split_cup_large
D:2:      layout_loops_ring, uniq_sigmund, uniq_crazy_yiuf_cottage
D:3:      layout_rooms, portal_sewer_entry_a, minmay_misc_feat_rugged
D:4:      layout_basic, serial_shops, nicolae_shop_waterfront,
          kennysheep_generic_room_9
D:5:      kennysheep_six_static_rooms, layout_layer_cave,
          mainiacjoe_overflow_swirl, temple_doors_e
D:6:      layout_rooms, gammafunk_temple_overflow_pools,
          mainiacjoe_overflow_24_doors, mainiacjoe_overflow_tiny_flanked,
          serial_shops, shop, nicolae_shop_stone, nicolae_square_shop,
          nicolae_shop_behind_doors, shop_coins, serial_bayou_lake_a,
          uniq_eustachio
Temple:   dshaligram_water_room_temple

Skill      XL: |  1  2  3  4  5  6  7  8 |
---------------+-------------------------+-----
Unarmed Combat | 2 3 |  3.3
Poison Magic   | 1 2 3 4 |  4.5
Spellcasting   | 1 3 4 5 |  5.0
Fighting       | 6 |  6.5
Necromancy     | 2 |  2.1
Dodging        | |  1.7
Stealth        | |  3.7

Action                   |  1- 3 |  4- 6 |  7- 9 || total
-------------------------+-------+-------+-------++-------
Melee: Unarmed           |   100 |     4 |       ||   104
       Punch             |     1 |     6 |    10 ||    17
       Staff             |       |   213 |    41 ||   254
       Dagger            |       |       |    36 ||    36
       Whip              |       |       |    25 ||    25
 Cast: Poisonous Vapours |     1 |     7 |       ||     8
       Sting             |       |     3 |     1 ||     4
       Olgreb's Toxic Ra |       |       |     2 ||     2
Evoke: Wand              |       |     1 |     1 ||     2
  Use: Potion            |     1 |     1 |     2 ||     4
       Scroll            |     1 |     2 |     1 ||     4
 Stab: Sleeping          |     2 |    12 |     1 ||    15
Armor: Robe              |    20 |    90 |    50 ||   160
Dodge: Dodged            |    42 |   127 |    72 ||   241

Table legend: (Time is in decaauts)
 A = Elapsed time spent in this place.
 B = Non-inter-level travel time spent in this place.
 C = Inter-level travel time spent in this place.
 D = Time resting spent in this place.
 E = Time spent auto-exploring this place.
 F = Levels seen in this place.
 G = Mean time per level.
                   A        B        C        D        E       F      G
               +--------+--------+--------+--------+--------+-----+--------+
         Total |   7376 |   6810 |    566 |   1179 |   4414 |   7 | 1053.7 |
       Dungeon |   7192 |   6692 |    500 |   1179 |   4314 |   6 | 1198.7 |
        Temple |    184 |    118 |     66 |      0 |    100 |   1 |  184.0 |
               +--------+--------+--------+--------+--------+-----+--------+

Top non-repeatable levels by time:
     D:5: 2719 daAuts
     D:2: 1615 daAuts
     D:3: 1185 daAuts
     D:4: 1026 daAuts
     D:1: 375 daAuts
     D:6: 271 daAuts
  Temple: 184 daAuts
